 Dungeon Crawl Stone Soup version 0.28-a0-793-g31680bbd8b (webtiles) character file.

Game seed: 12221584961196470542

50 fffff the Shield-Bearer (level 3, 0/33 HPs)
             Began as a Minotaur Fighter on Nov 4, 2021.
             Slain by a gnoll (5 damage)
             ... on level 2 of the Dungeon.
             The game lasted 00:01:41 (1217 turns).

fffff the Shield-Bearer (Minotaur Fighter)          Turns: 1217, Time: 00:01:47

Health: 0/33       AC:  7    Str: 20    XL:     3   Next: 55%
Magic:  2/2        EV:  9    Int:  5    God:
Gold:   33         SH:  4    Dex: 10    Spells: 2/2 levels left

rFire   . . .      SeeInvis .   a - +1 war axe
rCold   . . .      Faith    .   c - +0 buckler
rNeg    . . .      Spirit   .   b - +0 scale mail
rPois   .          Reflect  .   (helmet restricted)
rElec   .          Harm     .   (no cloak)
rCorr   .          Rampage  .   (no gloves)
Will    .....                   (no boots)
Stlth   ..........              (no amulet)
HPRegen 0.11/turn               e - ring of flight
MPRegen 0.08/turn               (no ring)

@: flying
A: horns 2, retaliatory headbutt
a: no special abilities


You were on level 2 of the Dungeon.
You visited 1 branch of the dungeon, and saw 2 of its levels.

You collected 33 gold pieces.

Inventory:

Hand Weapons
 a - a +1 war axe (weapon)
Armour
 b - a +0 scale mail (worn)
 c - a +0 buckler (worn)
Jewellery
 e - a ring of flight (left hand)
Scrolls
 f - a scroll of enchant armour {unknown}
 h - a scroll of fear {unknown}
 j - 2 scrolls of blinking {unknown}
Potions
 d - 2 potions of might
 i - 2 potions of heal wounds {unknown}


   Skills:
 + Level 4.0 Fighting
 + Level 3.0 Axes
 + Level 4.2 Armour
 + Level 0.3 Dodging
 + Level 4.3 Shields


You had 2 spell levels left.
You didn't know any spells.
Your spell library was empty.

Dungeon Overview and Level Annotations

Branches:
Dungeon (2/15)

Altars:


Innate Abilities, Weirdness & Mutations

You have a pair of horns on your head.
You reflexively headbutt those who attack you in melee.


Message History

You barely miss the gnoll.
The gnoll is almost dead.
The gnoll barely misses you.
The gnoll hits you from afar with a +0 spear.
You barely miss the gnoll.
The gnoll is almost dead.
The gnoll hits you with a +0 flail.
A gnoll comes into view. It is wielding a +0 halberd.
The gnoll barely misses you.
An adder comes into view.
The gnoll barely misses you.
You feel better.
The adder hisses angrily.
The gnoll shouts!
The gnoll hits you from afar with a +0 spear.
The gnoll barely misses you.
You barely miss the gnoll.
The gnoll is almost dead.
The gnoll misses you. The gnoll closely misses you.
The gnoll hits you with a +0 flail!
* * * LOW HITPOINT WARNING * * *
The adder bites you but does no damage. The gnoll hits you but does no damage.
You hit the adder.
The adder is moderately wounded.
You hit the gnoll.
You kill the gnoll!
You block the adder's attack. The gnoll completely misses you.
The gnoll hits you from afar with a +0 spear.
* * * LOW HITPOINT WARNING * * *
The adder bites you but does no damage. The gnoll barely misses you.
You feel better. The adder barely misses you.
The gnoll hits you from afar with a +0 spear.
* * * LOW HITPOINT WARNING * * *
The gnoll closely misses you.
You closely miss the adder.
The adder is moderately wounded.
You block the adder's attack.
The gnoll hits you from afar with a +0 spear.
* * * LOW HITPOINT WARNING * * *
The gnoll hits you from afar with a +0 halberd.
You die...

########### # .........#
# #.....##.# #
#.....##.# # #.....##.#
#
######.....##.##########
#........!.##........#..
#..........##........#..
#.....?@S............#..
.....g.)................
.....g####.##......).#..
...... ..........†.....
..... ###..............
..### #...#########.. .
#...# ### #...# # .. #


You could see 2 gnolls and an adder.

Vanquished Creatures
  A gnoll (D:2)
  A dart slug (D:2)
  2 worms (D:2)
  An orc (D:2)
  A ball python (D:1)
  2 bats (D:1)
  2 endoplasms
  A giant cockroach (D:2)
  3 goblins (D:1)
  A hobgoblin (D:1)
  2 jackals (D:2)
  A quokka (D:1)
  4 frilled lizards
  7 kobolds
  5 rats
34 creatures vanquished.

Notes
Turn   | Place    | Note
-------+----------+-------------------------------------------
     0 | D:1      | fffff the Minotaur Fighter began the quest for the Orb.
     0 | D:1      | Reached XP level 1. HP: 19/19 MP: 0/0
   281 | D:1      | Reached XP level 2. HP: 27/27 MP: 1/1
   456 | D:1      | Found a faded altar of an unknown god.
   806 | D:2      | Reached XP level 3. HP: 18/33 MP: 2/2
  1215 | D:2      | HP: 1/33 [gnoll (3)]
  1217 | D:2      | Slain by a gnoll

Illustrated notes

Levels and vault maps discovered:
D:1:      matt_arrival_refuge, layout_basic,
          shapermc_ecumenical_altar_mp_urbaneastern
D:2:      layout_basic, minmay_vboxes

Skill      XL: |  1  2  3 |
---------------+----------+-----
Fighting       | 4 |  4.0
Armour         | 4 |  4.2
Shields        | 4 |  4.3
Axes           | 3 |  3.0
Dodging        | |  0.3

Action                   || total
-------------------------++-------
Melee: War axe           ||    72
       Headbutt          ||     9
  Use: Scroll            ||     2
       Potion            ||     2
Armor: Scale mail        ||    37
Dodge: Dodged            ||    34
Block: Buckler           ||    23

Table legend: (Time is in decaauts)
 A = Elapsed time spent in this place.
 B = Non-inter-level travel time spent in this place.
 C = Inter-level travel time spent in this place.
 D = Time resting spent in this place.
 E = Time spent auto-exploring this place.
 F = Levels seen in this place.
 G = Mean time per level.
                   A        B        C        D        E       F      G
               +--------+--------+--------+--------+--------+-----+--------+
         Total |   1242 |   1206 |     36 |      0 |    997 |   2 |  621.0 |
       Dungeon |   1242 |   1206 |     36 |      0 |    997 |   2 |  621.0 |
               +--------+--------+--------+--------+--------+-----+--------+

Top non-repeatable levels by time:
     D:1: 743 daAuts
     D:2: 498 daAuts
